 Dungeon Sprint DCSS version 0.22.1-1-ga44c0e56f4 (webtiles) character file.

7514 MuseOD the Unseen (level 10, 0/59 HPs)
             Began as a Spriggan Enchanter on Sept 26, 2018.
             Was the Champion of Dithmenos.
             Killed from afar by a deep elf mage (38 damage)
             ... with a shard of ice
             ... in the Dungeon (Sprint III: "The Ten Rune Challenge").
             The game lasted 00:06:13 (2218 turns).

MuseOD the Unseen (Spriggan Enchanter)              Turns: 2218, Time: 00:06:14

Health: 0/59       AC:  5    Str:  4    XL:     10   Next: 95%
Magic:  10/25      EV: 21    Int: 19    God:    Dithmenos [******]
Gold:   1514       SH:  0    Dex: 18    Spells: 18/30 levels left

rFire    . . .     SeeInvis +   s - +3 dagger (freeze)
rCold    . . .     Gourm    .   (shield restricted)
rNeg     . . .     Faith    .   b - +0 robe
rPois    .         Spirit   .   (helmet restricted)
rElec    .         Reflect  .   r - +2 cloak
rCorr    .         Harm     .   (gloves unavailable)
MR       +....     NoTele   +   (boots unavailable)
Stlth    ++++++++++             (no amulet)
HPRegen  0.19/turn              (no ring)
MPRegen  0.19/turn              (no ring)

@: wreathed by umbra, very quick
A: very small, unfitting armour, see invisible, herbivore, speed 3, slow
metabolism 2
a: Shadow Step, Shadow Form, Renounce Religion


You were in the Dungeon.
You worshipped Dithmenos.
Dithmenos was exalted by your worship.
You were not hungry.

You visited 1 branch You collected 1514 gold pieces.

Inventory:

Hand Weapons
 a - a +1 dagger
 s - a +3 dagger of freezing (weapon)
Armour
 b - a +0 robe (worn)
 r - a +2 cloak (worn)
Scrolls
 j - a scroll of blinking
 k - a scroll of holy word {unknown}
 l - 2 scrolls of identify {unknown}
 m - a scroll of fear {unknown}
 o - a scroll of immolation {unknown}
 p - 2 scrolls of remove curse
Potions
 c - 4 potions of mutation
 f - 2 potions of heal wounds
 g - a potion of haste
 h - 2 potions of magic
 i - a potion of berserk rage
 n - 2 potions of flight
 q - a potion of degeneration {unknown}
Comestibles
 d - 4 rations


   Skills:
 - Level 10.0 Fighting
 - Level 17.0 Short Blades
 + Level 5.8 Dodging
 + Level 18.0 Stealth
 - Level 10.6 Spellcasting
 - Level 10.8 Hexes


You had 18 spell levels left.
You knew the following spells:

 Your Spells              Type           Power        Failure   Level  Hunger
a - Corona                Hex            ######.      1%          1    None
b - Ensorcelled Hibernat  Hex/Ice        ####..       1%          2    None
c - Confuse               Hex            ######..     1%          3    None
d - Dazzling Spray        Conj/Hex       ####..       2%          3    None
e - Tukima's Dance        Hex            ######..     1%          3    None

Your spell library contained the following spells:

 Spells                   Type           Power        Failure   Level  Hunger
 Confusing Touch          Hex            ######       1%          1    None
 Metabolic Englaciation   Hex/Ice        ####......   21%         5    ####...
 Yara's Violent Unravell  Hex/Tmut       ####......   21%         5    ####...
 Gell's Gravitas          Tloc           ##........   22%         3    None
 Petrify                  Tmut/Erth      ##......     56%         4    ##.....


Dungeon Overview and Level Annotations

Branches:
Dungeon (1/1)

Altars:
Cheibriados
Dithmenos
Elyvilon
Fedhas
Gozag
Hepliaklqana
Kikubaaqudgha
Makhleb
Nemelex Xobeh
Okawaru
Qazlal
Ru
Sif Muna
Trog
Uskayaw
Vehumet
Wu Jian
Xom
Yredelemnul
Zin
The Shining One
Beogh
Jiyva
Lugonu

Shops:
D }


Innate Abilities, Weirdness & Mutations

You are very small and have problems with some larger weapons.
You are too small for most types of armour.
You have supernaturally acute eyesight. (SInv)
You are a herbivore.
You cover ground extremely quickly.
You need to consume almost no food.


Message History

The spray of energy hits the deep elf mage.
The deep elf mage is severely wounded.
The deep elf mage barely misses you. The deep elf mage closely misses you.
The deep elf mage hits you but does no damage.
Casting: Dazzling Spray (safe; 2% risk of failure)
Confirm with . or Enter, or press ? or * to list all spells.
Okay, then.
Casting: Dazzling Spray (safe; 2% risk of failure)
Confirm with . or Enter, or press ? or * to list all spells.
Aiming: Dazzling Spray (safe; 2% risk of failure)
Press: ? - help, Shift-Dir - straight line, f/p - deep elf mage
Aim: a deep elf mage, wielding a short sword (severely wounded, umbra)
The spray of energy hits the deep elf mage.
The deep elf mage is almost dead.
The deep elf mage mumbles some strange words.
The deep elf mage blinks!
The deep elf mage points at you and mumbles some strange words.
The shard of ice hits you!
Ouch! That really hurt!
You die...

▓▓▓▓ ▓▓▓
#########..###.#######
_#__##.#..#..EEee#...#
)#._#........§##@#...##≈
##'##........###e#...≈≈≈
....#.....)...##.#...##≈
...)#...∩####.##.e...#
###'#.#....# #########
#.).#§#####################
#...#..≈≈≈'.#.(...'.#.#.#.+
#...#.#§≈≈#.#.#(.)##.#.#.##
#.†.'.#§§.#.#.#)..#.#.#.#.#


You could see 4 deep elf magi and 2 fire elementals.

Vanquished Creatures
  Dowan (D)
  Snorg (D)
  A centaur warrior (D)
  2 orc high priests (D)
  A deep elf knight (D)
  An unseen horror (D)
  A deep elf mage (D)
  An orc sorcerer (D)
  Duvessa (D)
  A shadow (D)
  A spatial vortex (D)
  An orc warrior (D)
  A necrophage (D)
  2 centaurs (D)
  An earth elemental (D)
  A water elemental (D)
  A jelly (D)
  A wizard (D)
  2 orc priests (D)
  Jessica (D)
  A necromancer (D)
  3 humans (D)
  A kobold demonologist (D)
  2 oozes (D)
  A phantom (D)
  10 orcs (D)
  A rat (D)
42 creatures vanquished.

Vanquished Creatures (others)
  2 draconian scorchers (D)
  A hydra (D)
  2 yaktaurs (D)
  6 hellions (D)
  An electric eel (D)
  7 plants (D)
19 creatures vanquished.

Grand Total: 61 creatures vanquished

Notes
Turn   | Place    | Note
-------+----------+-------------------------------------------
     0 | D        | MuseOD the Spriggan Enchanter began the quest for the Orb.
     0 | D        | Reached XP level 1. HP: 9/9 MP: 5/5
    11 | D        | Reached skill level 1 in Fighting
    11 | D        | Reached skill level 5 in Stealth
    11 | D        | Reached XP level 2. HP: 14/14 MP: 6/6
    18 | D        | Learned a level 2 spell: Ensorcelled Hibernation
    20 | D        | Noticed Jessica
    50 | D        | Killed Jessica
    50 | D        | Reached skill level 6 in Stealth
    50 | D        | Reached skill level 5 in Hexes
    50 | D        | Reached XP level 3. HP: 3/18 MP: 1/8
    55 | D        | Learned a level 3 spell: Confuse
    69 | D        | Killed a yaktaur
   129 | D        | Killed a hellion
   130 | D        | Killed a hellion
   139 | D        | Killed a hellion
   139 | D        | Killed a hellion
   141 | D        | Killed a hellion
   142 | D        | Killed a hellion
   219 | D        | Killed a white draconian scorcher
   227 | D        | Killed a white draconian scorcher
   389 | D        | Noticed a water elemental
   403 | D        | Killed a four-headed hydra
   416 | D        | Found a basalt altar of Yredelemnul.
   416 | D        | Found a shadowy altar of Dithmenos.
   416 | D        | Found a sacrificial altar of Ru.
   416 | D        | Noticed a necrophage
   416 | D        | Noticed a necromancer
   418 | D        | Killed a necromancer
   418 | D        | Reached skill level 5 in Short Blades
   418 | D        | Reached skill level 7 in Stealth
   418 | D        | Reached XP level 4. HP: 23/23 MP: 8/10
   419 | D        | Killed a necrophage
   419 | D        | Reached skill level 8 in Stealth
   419 | D        | Reached skill level 5 in Spellcasting
   419 | D        | Reached XP level 5. HP: 28/28 MP: 8/13
   423 | D        | Became a worshipper of Dithmenos the Shadowed
   434 | D        | Found a glowing silver altar of Zin.
   434 | D        | Found a glowing golden altar of the Shining One.
   434 | D        | Found a white marble altar of Elyvilon.
   435 | D        | Noticed a deep elf mage
   443 | D        | Killed a deep elf mage
   443 | D        | Reached skill level 5 in Fighting
   443 | D        | Reached skill level 10 in Short Blades
   443 | D        | Reached skill level 11 in Stealth
   443 | D        | Reached XP level 6. HP: 35/35 MP: 7/18
   443 | D        | Reached XP level 7. HP: 39/39 MP: 7/19
   448 | D        | Learned a level 3 spell: Dazzling Spray
   452 | D        | Learned a level 3 spell: Tukima's Dance
   521 | D        | Found a hide-covered altar of Uskayaw.
   521 | D        | Found a roughly hewn altar of Beogh.
   521 | D        | Found an iron altar of Okawaru.
   521 | D        | Found a bloodstained altar of Trog.
   521 | D        | Found an ornate altar of the Wu Jian Council.
   521 | D        | Noticed a human
   521 | D        | Noticed a human
   536 | D        | Killed a human
   549 | D        | Killed a human
   549 | D        | Reached * piety under Dithmenos
   549 | D        | Reached skill level 12 in Stealth
   737 | D        | Found a radiant altar of Vehumet.
   738 | D        | Found a deep blue altar of Sif Muna.
   738 | D        | Found an ancient bone altar of Kikubaaqudgha.
   787 | D        | Reached ** piety under Dithmenos
   952 | D        | Killed a yaktaur
   959 | D        | Noticed a shadow
   961 | D        | Killed a shadow
   961 | D        | Reached XP level 8. HP: 45/45 MP: 22/22
   971 | D        | Noticed Snorg
   974 | D        | Killed Snorg
   974 | D        | Reached skill level 13 in Stealth
   974 | D        | Reached skill level 10 in Spellcasting
   982 | D        | Reached *** piety under Dithmenos
   982 | D        | Reached skill level 14 in Stealth
   982 | D        | Reached XP level 9. HP: 50/50 MP: 24/24
   987 | D        | Noticed a centaur warrior
  1012 | D        | Killed a centaur warrior
  1012 | D        | Reached skill level 15 in Stealth
  1208 | D        | Noticed an unseen horror
  1211 | D        | Killed an unseen horror
  1239 | D        | Noticed Dowan
  1239 | D        | Noticed Duvessa
  1241 | D        | Killed Duvessa
  1241 | D        | Reached skill level 15 in Short Blades
  1246 | D        | Killed Dowan
  1246 | D        | Reached **** piety under Dithmenos
  1246 | D        | Reached skill level 16 in Stealth
  1246 | D        | Reached XP level 10. HP: 46/58 MP: 13/25
  1371 | D        | Found Ughowacs's Gadget Shop.
  1371 | D        | Noticed an orc sorcerer
  1371 | D        | Noticed an orc high priest
  1371 | D        | Noticed an orc high priest
  1374 | D        | Noticed a rust devil
  1378 | D        | Noticed a sixfirhy
  1382 | D        | Noticed a rust devil
  1472 | D        | Reached ***** piety under Dithmenos
  1475 | D        | Killed an orc sorcerer
  1475 | D        | Reached skill level 10 in Hexes
  1616 | D        | Killed an orc high priest
  1616 | D        | Reached skill level 17 in Stealth
  1722 | D        | Found a blossoming altar of Fedhas.
  1722 | D        | Found a stormy altar of Qazlal.
  1723 | D        | Found a snail-covered altar of Cheibriados.
  1723 | D        | Found a burning altar of Makhleb.
  1723 | D        | Found a hazy altar of Hepliaklqana.
  1723 | D        | Found a shimmering altar of Xom.
  1723 | D        | Found an opulent altar of Gozag.
  1723 | D        | Found a sparkling altar of Nemelex Xobeh.
  1723 | D        | Found a corrupted altar of Lugonu.
  1723 | D        | Found a viscous altar of Jiyva.
  1782 | D        | Noticed a soul eater
  2162 | D        | Noticed an orange demon
  2167 | D        | Killed an orc high priest
  2167 | D        | Reached ****** piety under Dithmenos
  2167 | D        | Reached skill level 10 in Fighting
  2191 | D        | Noticed a deep elf mage
  2191 | D        | Noticed a deep elf mage
  2191 | D        | Noticed a deep elf mage
  2191 | D        | Noticed a deep elf mage
  2191 | D        | Noticed a deep elf knight
  2209 | D        | Killed a deep elf knight
  2209 | D        | Reached skill level 5 in Dodging
  2209 | D        | Reached skill level 18 in Stealth
  2218 | D        | Killed from afar by a deep elf mage

Skill      XL: |  1  2  3  4  5  6  7  8  9 10 |
---------------+-------------------------------+-----
Short Blades   | 2 4 5 7 10 12 13 16 17 | 17.0
Hexes          | 4 5 9 10 | 10.8
Fighting       | 1 2 3 5 6 7 9 10 | 10.0
Stealth        | 5 6 7 8 11 12 14 16 18 | 18.0
Spellcasting   | 3 5 8 9 10 | 10.6
Dodging        | 5 |  5.8

Action                   |  1- 3 |  4- 6 |  7- 9 | 10-12 || total
-------------------------+-------+-------+-------+-------++-------
Melee: Dagger            |     7 |     5 |    39 |    34 ||    85
 Cast: Ensorcelled Hiber |     5 |       |     5 |    21 ||    31
       Confuse           |       |     1 |     5 |     1 ||     7
       Dazzling Spray    |       |       |    12 |    22 ||    34
Invok: Shadow Step       |       |       |     1 |       ||     1
  Use: Potion            |       |       |       |     2 ||     2
 Stab: Sleeping          |     7 |     1 |    11 |    10 ||    29
       Confused          |       |     2 |     2 |       ||     4
       Invisible         |       |       |     2 |     3 ||     5
Armor: Robe              |       |       |     1 |     3 ||     4
Dodge: Dodged            |     1 |     1 |    19 |    35 ||    56
